Construct Light Support Kompanie
Selects Defensive Operations
Construct Mechanized Kompanie
Panzerjäger Mechanized Group
Selects Prepared Positions
254 Reconnaissance Tractor
Selects Registered Artillery
Pak 38 Anti-tank Gun Team
Selects Towed Cannone da 105/28 Field Howitzer
Towed Cannone da 105/28 Field Howitzer
Towed Cannone da 105/28 Field Howitzer
Construct Panzerarmee Kommand
18-tonne Recovery Half-track
Marder III Tank Destroyer
Pak 38 Anti-tank Gun Team
254 Reconnaissance Tractor